 Dungeon Crawl Stone Soup version 0.20-a0-960-ge493e74 (webtiles) character file.

30 Murumi the Sneak (level 3, 0/32 HPs)
             Began as a Naga Assassin on Apr 7, 2017.
             Splashed by a jelly's acid (5 damage)
             ... on level 1 of the Dungeon.
             The game lasted 00:03:51 (834 turns).

Murumi the Sneak (Naga Assassin)                     Turns: 834, Time: 00:03:52

Health: 0/32       AC:  3    Str: 13    XL:     3   Next: 20%
Magic:  3/3        EV: 10    Int: 11    God:
Gold:   66         SH:  0    Dex: 13    Spells: 2/2 levels left

rFire    . . .     SeeInvis +   k - +1 dagger (speed)
rCold    . . .     Gourm    .   (no shield)
rNeg     . . .     Faith    .   c - +0 robe
rPois    +         Spirit   .   (no helmet)
rElec    .         Reflect  .   d - +0 cloak
rCorr    .         Harm     .   (no gloves)
MR       .....                  (no barding)
Stlth    +++.......             (no amulet)
Regen    0.1/turn               (no ring)
MPRegen  0.1/turn               (no ring)

@: very slow
A: see invisible, deformed body, poison resistance, slowness 2, slow metabolism
1, spit poison 1, AC +1
a: Spit Poison


You were on level 1 of the Dungeon.
You were not hungry.

You visited 1 branch of the dungeon, and saw 1 of its levels.

You collected 66 gold pieces.

Inventory:

Hand Weapons
 b - a +0 blowgun
 k - a +1 dagger of speed (weapon)
Missiles
 e - 8 poisoned needles
 f - 2 curare-tipped needles
 h - 46 stones (quivered)
Armour
 c - a +0 robe (worn)
 d - a +0 cloak (worn)
Scrolls
 a - a scroll of blinking
 j - a scroll of remove curse
Potions
 i - 2 potions of heal wounds
 l - a potion of agility {unknown}
Comestibles
 g - 2 bread rations


   Skills:
 - Level 2.0 Fighting
 - Level 2.0 Short Blades
 - Level 2.0 Throwing
 - Level 2.0 Dodging
 + Level 6.2 Stealth


You had 2 spell levels left.
You didn't know any spells.

Dungeon Overview and Level Annotations

Branches:
Dungeon (1/15)

Altars:


Innate Abilities, Weirdness & Mutations

You cannot wear boots.
Your serpentine skin is tough. (AC +1)
You have supernaturally acute eyesight. (SInv)
Armour fits poorly on your strangely shaped body.
Your system is resistant to poisons. (rPois)
You cover ground very slowly.
You have a slow metabolism.
You can spit poison.


Message History

Aim: a jelly (lightly wounded)
You throw a stone.
The stone hits the jelly but does no damage.
The jelly is lightly wounded.
You hit the jelly.
Your hands burn!
The jelly is lightly wounded.
The jelly hits you.
You are splashed with acid!
The acid burns!
You hit the jelly.
Your hands burn!
* * * LOW HITPOINT WARNING * * *
The jelly is lightly wounded.
You have got your breath back.
The jelly misses you.
You barely miss the jelly.
The jelly is lightly wounded.
You hit the jelly.
Your hands burn!
* * * LOW HITPOINT WARNING * * *
The jelly is moderately wounded.
The jelly hits you but does no damage.
You hit the jelly.
Your hands burn!
You die...

........)#
#####...........##)###
#..###.#.#
...................... #..#
.####.#.##########.### #..# ..
#.#.##########.# ...###+#.##
#.#.....†......#
............####.##############
...............#.#########
............##...........#
............####@#######.#
............(.(J.# #.#
##..........###### #.#
##.............# #.#
##.............###### #.#
##.######......##...# #.# ##.#
#......##...# #)# ##.#
#......##...# #.#
##.######......##...# #.#


You could see a jelly.

Vanquished Creatures
  An ooze (D:1)
  2 dart slugs (D:1)
  A ball python (D:1)
  A bat (D:1)
  A giant cockroach (D:1)
  2 hobgoblins (D:1)
  A frilled lizard (D:1)
  7 goblins (D:1)
  2 kobolds (D:1)
  3 rats (D:1)
21 creatures vanquished.

Notes
Turn   | Place    | Note
-------+----------+-------------------------------------------
     0 | D:1      | Murumi the Naga Assassin began the quest for the Orb.
     0 | D:1      | Reached XP level 1. HP: 19/19 MP: 1/1
   207 | D:1      | Reached skill level 6 in Stealth
   210 | D:1      | Reached skill level 1 in Dodging
   334 | D:1      | Reached XP level 2. HP: 24/26 MP: 2/2
   685 | D:1      | Reached XP level 3. HP: 28/32 MP: 3/3
   834 | D:1      | Splashed by a jelly's acid

Vault maps used:
D:1:      minmay_arrival_shattered_statue

Skill      XL: |  1  2 |
---------------+-------+-----
Stealth        | 6 |  6.2
Dodging        | 1 2 |  2.0
Throwing       | 2 |  2.0
Fighting       | |  2.0
Short Blades   | |  2.0

Action                   || total
-------------------------++-------
Melee: Dagger            ||    62
Throw: Stone             ||     5
 Abil: Spit Poison       ||     2
  Use: Scroll            ||     4
 Stab: Sleeping          ||     5
Armor: Robe              ||     9
Dodge: Dodged            ||    11
